 Dungeon Crawl Stone Soup version 0.30-a0-737-gf23d94013f (webtiles) character file.

Game seed: 10956440136517983436

45 Zenkrye the Sneak (level 3, -2/16 HPs)
             Began as a Spriggan Enchanter on Feb 2, 2023.
             Slain by a worm (9 damage)
             ... on level 2 of the Dungeon.
             The game lasted 00:04:31 (1235 turns).

Zenkrye the Sneak (Spriggan Enchanter)              Turns: 1235, Time: 00:04:32

Health: -2/16      AC: 10    Str:  4    XL:     3   Next: 42%
Magic:  4/8        EV: 18    Int: 16    God:
Gold:   156        SH:  0    Dex: 17    Spells: 5/7 levels left

rFire   . . .      SeeInvis +    i - +2 dagger (protect)
rCold   . . .      Faith    .    (no shield)
rNeg    . . .      Spirit   .    b - +0 robe
rPois   .          Reflect  .    (helmet restricted)
rElec   .          Harm     .    d - +0 cloak {Will+}
rCorr   .          Rampage  .    (gloves unavailable)
Will    +....                    (boots unavailable)
Stlth   +++                      (no amulet)
HPRegen 0.22/turn                (no ring)
MPRegen 0.11/turn                (no ring)

@: under a protective aura, very slightly contaminated, very quick
A: very small, no large weapons, unfitting armour, see invisible, speed 3
a: no special abilities


You were on level 2 of the Dungeon.
You visited 1 branch of the dungeon, and saw 2 of its levels.

You collected 156 gold pieces.

Inventory:

Hand Weapons
 a - a +1 dagger
 i - a +2 dagger of protection (weapon)
Armour
 b - a +0 robe (worn)
 d - a +0 cloak of willpower (worn)
Potions
 c - 2 potions of invisibility
 e - a potion of lignification {unknown}
 k - a potion of heal wounds {unknown}


   Skills:
 + Level 1.9 Short Blades
 + Level 3.3 Dodging
 + Level 5.1 Stealth
 - Level 2.6 Spellcasting
 + Level 4.1 Hexes
 + Level 0.6 Ice Magic


You had 5 spell levels left.
You knew the following spells:

 Your Spells              Type           Power      Damage    Failure   Level
e - Ensorcelled Hibernat  Hex/Ice        18%        N/A       11%         2

Your spell library contained the following spells:

 Spells                   Type           Power      Damage    Failure   Level
 Confusing Touch          Hex            15%        N/A       11%         3
 Tukima's Dance           Hex            15%        N/A       11%         3
 Dazzling Flash           Conj/Hex       16%        N/A       26%         3


Dungeon Overview and Level Annotations

Branches:
Dungeon (2/15)

Altars:


Innate Abilities, Weirdness & Mutations

You are very small and have problems with some larger weapons.
You are too small for most types of armour.
You have supernaturally acute eyesight. (SInv)
You cover ground extremely quickly. (Speed+++)


Message History

You hit the worm but do no damage.
The worm is lightly wounded.
You hit the worm.
The worm is moderately wounded.
A goblin comes into view. It is wielding a +0 club.
The worm bites you but does no damage.
You hit the worm.
The worm is moderately wounded.
You hit the worm.
The worm is heavily wounded.
The worm bites you but does no damage.
You hit the worm.
The worm is heavily wounded.
You hit the worm but do no damage.
The worm is heavily wounded.
The worm closely misses you.
You hit the worm but do no damage.
The worm is heavily wounded.
You hit the worm but do no damage.
The worm is heavily wounded.
The worm bites you!
Ouch! That really hurt!
Casting: Ensorcelled Hibernation (safe; 11% risk of failure)
Confirm with . or Enter, or press ? or * to list all spells.
Aiming: Ensorcelled Hibernation (safe; 11% risk of failure)
Press: ? - help, Shift-Dir - straight line, f - worm
Aim: a worm (heavily wounded, chance to affect: 51%)
You miscast Ensorcelled Hibernation.
You are very lightly contaminated with residual magic.
Nothing appears to happen.
Unknown command.
Casting: Ensorcelled Hibernation (safe; 11% risk of failure)
Confirm with . or Enter, or press ? or * to list all spells.
Aiming: Ensorcelled Hibernation (safe; 11% risk of failure)
Press: ? - help, Shift-Dir - straight line, f/p - worm
Aim: a worm (heavily wounded, chance to affect: 51%)
The worm resists with significant effort.
The worm bites you!
Ouch! That really hurt!
You die...

....^............###
.#......#####....####
#......###...###..)#
#......##........⌠..
#......##.#####.....
## #......#### +##.##
. .. #)#......# ##.##
....#.#)##.>...##
#...#
#.....gw@......#
#.⌠.#
#....#.########+
#...# .....##.# ##>##
..##. ... ### . #
#... ..... ##....
......


You could see a worm and a goblin.

Vanquished Creatures
  An adder (D:2)
  A worm (D:2)
  5 ball pythons
  5 endoplasms
  A giant cockroach (D:2)
  7 hobgoblins
  A bat (D:1)
  A frilled lizard (D:2)
  5 goblins
  A kobold (D:1)
  2 rats (D:1)
30 creatures vanquished.

Notes
Turn   | Place    | Note
-------+----------+-------------------------------------------
     0 | D:1      | Zenkrye the Spriggan Enchanter began the quest for the Orb.
     0 | D:1      | Reached XP level 1. HP: 9/9 MP: 5/5
   378 | D:1      | Reached XP level 2. HP: 13/13 MP: 6/6
   401 | D:1      | Learned a level 2 spell: Ensorcelled Hibernation
   877 | D:1      | Identified a scroll of acquirement
   877 | D:1      | Acquired a +0 cloak of willpower
  1096 | D:2      | Reached XP level 3. HP: 16/16 MP: 8/8
  1177 | D:2      | Reached skill level 5 in Stealth
  1235 | D:2      | Slain by a worm

Illustrated notes

Levels and vault maps discovered:
D:1:      minmay_arrival_doors, layout_loops_ring
D:2:      layout_basic, serial_shops, shop, grunt_ministairs_4,
          serial_bayou_lagoon_a, minmay_surrounded, uniq_robin

Skill      XL: |  1  2  3 |
---------------+----------+-----
Dodging        | 3 |  3.3
Hexes          | 4 |  4.1
Stealth        | 5 |  5.1
Short Blades   | |  1.9
Spellcasting   | |  2.6
Ice Magic      | |  0.6

Action                     || total
---------------------------++-------
  Melee: Dagger            ||    91
         Punch             ||     1
   Cast: Ensorcelled Hiber ||     5
    Use: Scroll            ||     5
   Stab: Sleeping          ||    10
 Armour: Robe              ||    15
  Dodge: Dodged            ||    44

Table legend: (Time is in decaauts)
 A = Elapsed time spent in this place.
 B = Non-inter-level travel time spent in this place.
 C = Inter-level travel time spent in this place.
 D = Time resting spent in this place.
 E = Time spent auto-exploring this place.
 F = Levels seen in this place.
 G = Mean time per level.
                   A        B        C        D        E       F      G
               +--------+--------+--------+--------+--------+-----+--------+
         Total |    851 |    798 |     53 |     48 |    508 |   2 |  425.5 |
       Dungeon |    851 |    798 |     53 |     48 |    508 |   2 |  425.5 |
               +--------+--------+--------+--------+--------+-----+--------+

Top non-repeatable levels by time:
     D:1: 659 daAuts
     D:2: 192 daAuts
